AoeStats
← Larkinstreet

Lombardia

509795076Analyzed
2v2 RM · 5d ago on Sep 28, 2026· 36m 23s· 4 players
Game mode
Random Map
Map size
Medium (4 player)
Population
200
Speed
Normal
Resources
Standard
Victory
Conquest
Starting age
Dark Age
Ending age
Imperial Age
RankedLock teamsTeams togetherTeam positionsShared explorationLock speedFull tech treeHidden civsTurbo modeCheats
Victory
Defeat
🇦🇺 Saxons · Australia
1107
+11
🇺🇸 Lithuanians · United States
1015
+14
🇺🇸 Romans · United States
984
-13
🇺🇸 Armenians · United States
983
-12
toesucker69
9:47 Feudal Age
10:24 Loom
10:28 Double-Bit Axe
10:10 Man-at-Arms
14:03 Wheelbarrow
16:36 Fletching
23:45 Castle Age
24:05 Crossbowman
24:55 Bodkin Arrow
32:49 Ballistics
35:39 Thumb Ring
Larkinstreet
7:33 Loom
9:45 Feudal Age
11:49 Double-Bit Axe
19:41 Forging
24:12 Castle Age
22:33 Scale Barding Armor
22:26 Gold Mining
23:26 Stone Mining
23:17 Horse Collar
23:30 Fletching
25:56 Bloodlines
26:35 Bloodlines
27:05 Bow Saw
31:27 Husbandry
33:47 Chain Barding Armor
35:17 Iron Casting
nolesallday
9:44 Loom
11:38 Feudal Age
12:26 Man-at-Arms
18:27 Scale Mail Armor
23:01 Castle Age
23:42 Forging
24:24 Gold Mining
24:21 Double-Bit Axe
24:18 Horse Collar
24:09 Long Swordsman
24:51 Squires
25:53 Padded Archer Armor
33:18 Wheelbarrow
32:16 Pikeman
34:29 Town Watch
barfthom
7:18 Loom
9:39 Feudal Age
10:07 Double-Bit Axe
9:43 Man-at-Arms
10:27 Long Swordsman
19:38 Horse Collar
21:26 Wheelbarrow
24:43 Castle Age
22:34 Pikeman
24:54 Forging
24:43 Town Watch
24:54 Gold Mining
24:57 Two-Handed Swordsman
25:45 Scale Mail Armor
25:52 Champion
27:10 Bow Saw
31:09 Squires
Connection lost

Rejoining the realm…

Still unreachable

The connection could not be restored.

Session expired

The server has moved on; the page needs a fresh start.